 Seeded DCSS version 0.29.1-15-g9cfb28693d (webtiles) character file.

Game seed: 15822848163574757677 (custom seed)

72 kingofthe the Conjurer (level 4, -10/24 HPs)
             Began as a Deep Elf Conjurer on Mar 11, 2023.
             Killed from afar by Jessica (14 damage)
             ... with a bolt of dispelling energy
             ... on level 3 of the Dungeon.
             The game lasted 00:03:15 (1872 turns).

kingofthe the Conjurer (Deep Elf Conjurer)          Turns: 1872, Time: 00:03:16

Health: -10/24     AC:  3    Str:  4    XL:     4   Next: 6%
Magic:  2/12       EV: 13    Int: 23    God:
Gold:   103        SH:  0    Dex: 15    Spells: 3/11 levels left

rFire   . . .      SeeInvis .   (no weapon)
rCold   . . .      Faith    .   (no shield)
rNeg    . . .      Spirit   .   a - +0 robe
rPois   .          Reflect  .   (no helmet)
rElec   .          Harm     .   (no cloak)
rCorr   .          Rampage  .   h - +0 pair of gloves
Will    .....                   (no boots)
Stlth   ++........              (no amulet)
HPRegen 0.08/turn               (no ring)
MPRegen 0.13/turn               (no ring)

@: no status effects
A: no striking features
a: no special abilities


You were on level 3 of the Dungeon.
You visited 1 branch of the dungeon, and saw 3 of its levels.

You collected 103 gold pieces.


   Skills:
 - Level 3.5 Dodging
 + Level 3.1 Stealth
 + Level 4.0 Spellcasting
 + Level 5.0 Conjurations
 * Level 0.0 Hexes


You had 3 spell levels left.
You knew the following spells:

 Your Spells              Type           Power      Damage    Failure   Level
a - Magic Dart            Conj           100%       1d8       1%          1
b - Searing Ray           Conj           54%        2d6       1%          2
c - Foxfire               Conj/Fire      64%        2x1d7     3%          1
d - Fulminant Prism       Conj/Hex       8%         3d7       36%         4

Your spell library contained the following spells:

 Spells                   Type           Power      Damage    Failure   Level
 Conjure Flame            Conj/Fire      16%        6-21      11%         3
 Dazzling Flash           Conj/Hex       32%        N/A       11%         3
 Inner Flame              Hex/Fire       4%         N/A       30%         3
 Flame Wave               Conj/Fire      16%        2d7       36%         4
 Iskenderun's Mystic Bla  Conj/Tloc      16%        2d5       36%         4

Inventory:

Armour
 a - a +0 robe (worn)
 h - a +0 pair of gloves (worn)
 j - the +1 ring mail "Vuekuas" {Will+ Str+3}
   (You found it on level 2 of the Dungeon)

   Str:       It affects your strength (+3).
   Will:      It increases your willpower.
Scrolls
 c - 2 scrolls of identify {unknown}
 f - 2 scrolls of vulnerability {unknown}
 g - a scroll of brand weapon {unknown}
 i - 2 scrolls of teleportation {unknown}
Potions
 b - a potion of magic
 d - 3 potions of haste {unknown}
 e - a potion of experience {unknown}
 k - a potion of curing {unknown}

Dungeon Overview and Level Annotations

Branches:
Dungeon (3/15)

Altars:

Annotations:
D:3 Jessica

#.###.#.#####...#..(..
#.......# ####.....#
#####.### ##...## #@#
##†## #.# #†#
#####v##### #.#
#....v....# ##'##
#.###§###.# ##...##
#...§@§...# ##.....#
#..##§##..# #.......
#. #.. §# #@....... #
##.. ...'........ ...
###.....>.. #...
##....... ...#
##.....# ..## ##...##
##+#


You could see Jessica (ally target).


Message History

The bolt of dispelling energy hits your foxfire!
The bolt of dispelling energy hits you!!
Ouch! That really hurt!
* * * LOW HITPOINT WARNING * * *
Casting: Foxfire (safe; 3% risk of failure)
Confirm with . or Enter, or press ? or * to list all spells.
You conjure some foxfire!
The foxfire hits Jessica.
Jessica is moderately wounded.
Casting: Foxfire (safe; 3% risk of failure)
Confirm with . or Enter, or press ? or * to list all spells.
You conjure some foxfire!
What are your orders? t - Shout!
Orders for allies: a - Attack new target. r - Retreat! s - Stop attacking. g - Guard the area. f - Follow me.
Anything else - Cancel.
Gang up on whom?
Press: ? - help, Dir - move target, f - Jessica
Aim: Jessica, wielding a +0 dagger, wearing a +0 robe and carrying a wand of quicksilver (2) (moderately wounded, ally target) Attack!
The foxfire hits Jessica.
Jessica is moderately wounded.
The foxfire hits Jessica.
Jessica is heavily wounded.
Jessica zaps a wand.
The bolt of dispelling energy hits your foxfire!
The bolt of dispelling energy hits your foxfire!
The bolt of dispelling energy hits you!
Ouch! That really hurt!
You die...

Skill      XL: |  1  2  3  4 |
---------------+-------------+-----
Dodging        | 3 |  3.5
Stealth        | 3 |  3.1
Conjurations   | 5 |  5.0
Spellcasting   | 4 |  4.0

Action                   |  1- 3 |  4- 6 || total
-------------------------+-------+-------++-------
 Cast: Magic Dart        |    81 |       ||    81
       Foxfire           |     6 |    13 ||    19
       Searing Ray       |     1 |       ||     1
Armor: Robe              |     1 |       ||     1
Dodge: Dodged            |     5 |       ||     5

Levels and vault maps discovered:
D:1:      heliophobic_arrival_enchanted_forest, layout_loops_ring,
          minmay_misc_feat_enclosed, minmay_tromino_v4_a
D:2:      kennysheep_big_flooded_room, layout_rooms, kennysheep_generic_room_13
D:3:      layout_loops_corners, zin_statuary, mainiacjoe_overflow_boulevard,
          mainiacjoe_overflow_six_doors_small, guppyfry_early_lair_pool,
          uniq_jessica

Notes
Turn   | Place    | Note
-------+----------+-------------------------------------------
     0 | D:1      | kingofthe the Deep Elf Conjurer began the quest for the
                  | Orb.
     0 | D:1      | Reached XP level 1. HP: 10/10 MP: 6/6
   182 | D:1      | Reached XP level 2. HP: 15/15 MP: 1/8
   185 | D:1      | Learned a level 2 spell: Searing Ray
   599 | D:1      | Reached skill level 3 in Dodging
   724 | D:1      | Reached XP level 3. HP: 19/19 MP: 6/10
  1339 | D:2      | Identified the +1 ring mail "Vuekuas" {Will+ Str+3}
  1471 | D:2      | Reached skill level 3 in Stealth
  1586 | D:2      | Learned a level 1 spell: Foxfire
  1820 | D:3      | Reached skill level 5 in Conjurations
  1820 | D:3      | Reached XP level 4. HP: 24/24 MP: 8/11
  1823 | D:3      | Reached skill level 4 in Spellcasting
  1831 | D:3      | Learned a level 4 spell: Fulminant Prism
  1833 | D:3      | Noticed Jessica
  1872 | D:3      | Killed from afar by Jessica

Vanquished Creatures
  An adder (D:2)
  2 worms (D:2)
  2 dart slugs (D:1)
  5 endoplasms (D:1)
  A giant cockroach (D:1)
  6 goblins
  2 hobgoblins (D:1)
  4 jackals (D:3)
  3 quokkas
  7 ball pythons
  3 bats
  4 frilled lizards (D:1)
  7 kobolds
  2 rats
49 creatures vanquished.

Vanquished Creatures (others)
  29 foxfires
29 creatures vanquished.

Grand Total: 78 creatures vanquished

Table legend: (Time is in decaauts)
 A = Elapsed time spent in this place.
 B = Non-inter-level travel time spent in this place.
 C = Inter-level travel time spent in this place.
 D = Time resting spent in this place.
 E = Time spent auto-exploring this place.
 F = Levels seen in this place.
 G = Mean time per level.
                   A        B        C        D        E       F      G
               +--------+--------+--------+--------+--------+-----+--------+
         Total |   1871 |   1766 |    105 |      0 |   1481 |   3 |  623.7 |
       Dungeon |   1871 |   1766 |    105 |      0 |   1481 |   3 |  623.7 |
               +--------+--------+--------+--------+--------+-----+--------+

Top non-repeatable levels by time:
     D:1: 1066 daAuts
     D:2: 689 daAuts
     D:3: 115 daAuts

Table legend:
 A = Non-vault XP
 B = Vault XP
 C = Vault XP percentage of total XP
 D = Non-vault monster count
 E = Vault monster count
 F = Vault count percentage of total count
                 A         B        C        D         E       F
            +---------+---------+-------+---------+---------+-------
      Total |      90 |      13 |  12.6 |      42 |       7 |  14.3
            +---------+---------+-------+---------+---------+-------
        D:1 |      46 |       6 |  11.5 |      27 |       4 |  12.9
        D:2 |      34 |       7 |  17.1 |      10 |       3 |  23.1
        D:3 |      10 |       0 |   0.0 |       5 |       0 |   0.0
            +---------+---------+-------+---------+---------+-------
